 Dungeon Crawl Stone Soup version 0.19-a0-965-g50bf062 (webtiles) character file.

186 Ijustatesigmund the Skirmisher (level 5, -2/42 HPs)
             Began as a Demonspawn Fighter on July 12, 2016.
             Slain by an orc priest
             ... wielding a +0 whip
              (3 damage)
             ... on level 4 of the Dungeon.
             The game lasted 00:04:51 (1766 turns).

Ijustatesigmund the Skirmisher (Demonspawn Fighter) Turns: 1766, Time: 00:04:52

Health: -2/42      AC: 12    Str: 16    XL:     5   Next: 38%
Magic:  6/6        EV:  8    Int: 14    God:
Gold:   205        SH: 10    Dex: 14    Spells: 0 memorised, 4 levels left

rFire  + . .     SeeInvis .     a - +0 long sword
rCold  . . .     Gourm    .     b - +0 scale mail
rNeg   + . .     Faith    .     c - +2 shield
rPois  .         Spirit   .     (no helmet)
rElec  .         Dismiss  .     (no cloak)
rCorr  .         Reflect  .     (no gloves)
SustAt .         Harm     .     (no boots)
MR     .....                    l - amulet of rage
Stlth  ..........               s - ring of positive energy
                                e - ring of protection from fire

@: brilliant, sanguine armour, not resistant to hostile enchantments, extremely
unstealthy
A: talons 1, spiny 1, sanguine armour 1
a: Evoke Berserk Rage


You were on level 4 of the Dungeon.
You were not hungry.

You visited 1 branch of the dungeon, and saw 4 of its levels.

You collected 205 gold pieces.

Inventory:

Hand Weapons
 a - a +0 long sword (weapon)
Armour
 b - a +0 scale mail (worn)
 c - a +2 shield (worn)
Jewellery
 e - a ring of protection from fire (left hand)
 l - an amulet of rage (around neck)
 s - a ring of positive energy (right hand)
 u - an uncursed ring of positive energy
Wands
 p - a wand of slowing (30/48)
Scrolls
 i - a scroll of recharging
 q - 2 scrolls of remove curse
Potions
 d - 2 potions of might
 o - a potion of lignification
 t - a potion of flight {unknown}
Comestibles
 f - 3 bread rations
 h - 2 slices of pizza
 j - 3 meat rations
 n - a royal jelly
 r - 2 fruits


   Skills:
 + Level 3.9 Fighting
 + Level 3.1 Long Blades
 - Level 2.6 Armour
 + Level 2.4 Dodging
 - Level 2.6 Shields
 + Level 1.8 Evocations


You had 4 spell levels left.
You didn't know any spells.

Dungeon Overview and Level Annotations

Branches:
Dungeon (4/15)
 Temple: D:4-7

Altars:


Innate Abilities, Weirdness & Mutations

You have sharp toenails.
You are partially covered in sharp spines.
When seriously injured, your bleeding wounds create armour. (AC +6)


Message History

You block the orc priest's attack. The gnoll shaman barely misses you.
You hit the orc priest. Your kick misses the orc priest.
The orc priest is lightly wounded.
You block the gnoll's attack. x2; The orc hits you but does no damage.
The orc priest casts a cantrip, but nothing happens.
The gnoll shaman is struck by your spines.
The gnoll shaman hits you but does no damage.
The gnoll closely misses you. You block the gnoll's attack.
Your scale mail prevents you from hitting the orc priest.
You claw the orc priest.
The orc priest is lightly wounded.
You block the gnoll's attack. You block the orc's attack.
The orc priest hits you with a whip.
* * * LOW HITPOINT WARNING * * *
The gnoll shaman is struck by your spines.
The gnoll shaman hits you but does no damage.
The gnoll hits you but does no damage. x2; You block the orc's attack.
The orc priest is struck by your spines.
The orc priest hits you with a whip.
You die...

.#.#....#......
.#.#.............#
......#..######..#
...[..#..# #... # #
.##..##..# #..# .##.
.....##..######.g.
... .............#
gg#..##..
.###.(#..###.#
#g#...... .# ##.#..#
#.# #@oo.# ..
.....###.###o#..# ..
.................#
.............###.#.##
###.#..###.# #.#..#
#.... ... ... ... #.
...# .......# # ....+
.........
.....###.##.#.#.


You could see a gnoll shaman, an orc priest, 3 gnolls and 2 orcs.

Vanquished Creatures
  A hound (D:4)
  An orc priest (D:3)
  Robin (D:3)
  A gnoll (D:4)
  2 adders
  An ooze (D:3)
  A worm (D:2)
  A dart slug (D:2)
  2 giant geckos
  4 orcs
  2 ball pythons (D:3)
  2 bats
  2 giant cockroaches (D:2)
  11 goblins
  14 hobgoblins
  5 jackals
  8 kobolds
  2 giant newts
  8 rats
69 creatures vanquished.

Notes
Turn   | Place    | Note
-------+----------+-------------------------------------------
     0 | D:1      | Ijustatesigmund the Demonspawn Fighter began the quest for the Orb.
     0 | D:1      | Reached XP level 1. HP: 18/18 MP: 1/1
    64 | D:1      | Gained mutation: You are partially covered in sharp spines. [demonic ancestry]
    64 | D:1      | Reached XP level 2. HP: 22/24 MP: 2/2
   237 | D:1      | Reached skill level 1 in Dodging
   616 | D:2      | Reached XP level 3. HP: 21/29 MP: 3/3
   888 | D:3      | Noticed Robin
   901 | D:3      | Reached skill level 1 in Evocations
  1056 | D:3      | Gained mutation: When seriously injured, your bleeding wounds create armour. (AC +6) [demonic ancestry]
  1056 | D:3      | Reached XP level 4. HP: 30/35 MP: 4/4
  1069 | D:3      | Killed Robin
  1531 | D:3      | Gained mutation: You have sharp toenails. [demonic ancestry]
  1531 | D:3      | Reached XP level 5. HP: 32/42 MP: 6/6
  1766 | D:4      | HP: 1/42 [orc priest/whip (3)]
  1766 | D:4      | Slain by an orc priest

Vault maps used:
D:1:      dpeg_arrival_arbitrary_b, kennysheep_boxes
D:2:      first_bread
D:3:      feat_on_display, uniq_robin

Skill      XL: |  1  2  3  4  5 |
---------------+----------------+-----
Long Blades    | 2 3 |  3.1
Dodging        | 1 2 |  2.4
Evocations     | 1 |  1.8
Fighting       | |  3.9
Armour         | |  2.6
Shields        | |  2.6

Action                   |  1- 3 |  4- 6 || total
-------------------------+-------+-------++-------
Melee: Long sword        |   101 |    84 ||   185
       Kick              |       |     7 ||     7
  Use: Scroll            |     7 |     1 ||     8
       Potion            |       |     3 ||     3
  Eat: Chunk             |     1 |     2 ||     3
Armor: Scale mail        |    46 |    38 ||    84
       Skin              |       |     7 ||     7
Dodge: Dodged            |    28 |    33 ||    61
Block: Shield            |    51 |    66 ||   117
